cohdb
Replays
Latest Replays
All Replays
Popular Replays
Top Player Replays
Match Explorer
How It Works
Community
CoH3 Stats
Reddit
Sign in to upload your games and track your stats! →
Sign in with Steam
Match 44836274
Unlisted
Match 44836274
Overview
Messages
Build Orders
End
Selects Luftwaffe Battlegroup
Selects Luftwaffe Pioneer Support
Fallschirmpioneer Squad Paradrop
Construct Infanterie Kompanie
GrW 34 Mortar Team
Fallschirmpioneer Squad Paradrop
Selects Stuka Strafing Run
Selects Fallschirmjäger Squad Paradrop
Fallschirmjäger Squad Paradrop
Construct Luftwaffe Kompanie
DoMxNightM4rE
💧||CheckO||💧
-=Thrawn=-
Henry Shi
kdb5246
KirelCD
0
0
Comments
sign in to comment!
No comments posted yet!